[Event "2nd Namma Bengaluru Open-B 2025"]
[Site "Bengaluru"]
[Date "2025.04.10"]
[Round "2.1"]
[White "Nayak, Biswajit"]
[Black "Dhruv Gupta"]
[Result "1-0"]
[Annotator "NA"]
[ECO "D02"]
[WhiteElo "1979"]
[BlackElo "1690"]
[PlyCount "59"]
[EventDate "2025.04.10"]
[EventType "swiss"]
[EventCountry "IND"]
[SourceTitle "playchess.com"]
[Source "ChessBase"]
[SourceQuality "1"]
[TimeControl "3600+30"]

1. d4 Nf6 2. Nf3 e6 3. Bf4 c5 4. e3 Nc6 5. Nbd2 d5 6. c3 cxd4 7. exd4 Bd6 8. Bg3 Qc7 9. Bd3 Bd7 10. O-O Ne7 11. Ne5 Ng6 12. Re1 O-O 13. h4 h5 14. Ndf3 Ng4 15. Bxg6 fxg6 16. Nxg4 Bxg3 17. fxg3 hxg4 18. Ne5 Rf6 19. Qxg4 Raf8 20. Nxg6 Re8 21. Rf1 Rf5 22. Kh2 Qc4 23. Rf4 Qb5 24. b3 Qc6 25. Rc1 Qd6 26. Rcf1 Rc8 27. R1f3 Be8 28. Rxf5 exf5 29. Qxf5 Bd7 30. Qh5 1-0

[Event "2nd Namma Bengaluru Open-B 2025"]
[Site "Bengaluru"]
[Date "2025.04.10"]
[Round "2.2"]
[White "Ananya Manisundaram"]
[Black "Prashanth J Naik"]
[Result "0-1"]
[Annotator "NA"]
[ECO "B01"]
[WhiteElo "1682"]
[BlackElo "1979"]
[PlyCount "62"]
[EventDate "2025.04.10"]
[EventType "swiss"]
[EventCountry "IND"]
[SourceTitle "playchess.com"]
[Source "ChessBase"]
[SourceQuality "1"]
[TimeControl "3600+30"]

1. e4 d5 2. exd5 Nf6 3. d4 Bg4 4. Nf3 Qxd5 5. Be2 Nc6 6. c4 Qh5 7. h3 O-O-O 8. O-O Nxd4 9. Nxd4 Bxe2 10. Qxe2 Rxd4 11. Qc2 e6 12. Be3 Rh4 13. c5 c6 14. Nd2 Be7 15. Nf3 Rxh3 16. gxh3 Qxf3 17. Qa4 Qxh3 18. Qxa7 Ng4 19. Qa8+ Kc7 20. Qa5+ Kb8 21. Bf4+ e5 22. Qb4 Rd8 23. Rad1 Rxd1 24. Rxd1 Qf3 25. Bxe5+ Nxe5 26. Rd4 Qh3 27. Rf4 Nf3+ 28. Rxf3 Qxf3 29. a4 h5 30. a5 Qg4+ 31. Qxg4 hxg4 0-1

[Event "2nd Namma Bengaluru Open-B 2025"]
[Site "Bengaluru"]
[Date "2025.04.10"]
[Round "2.3"]
[White "Chakravarti, K.."]
[Black "Mudaliar Nandini"]
[Result "1/2-1/2"]
[Annotator "NA"]
[ECO "D03"]
[WhiteElo "1930"]
[BlackElo "1682"]
[PlyCount "75"]
[EventDate "2025.04.10"]
[EventType "swiss"]
[EventCountry "IND"]
[SourceTitle "playchess.com"]
[Source "ChessBase"]
[SourceQuality "1"]
[TimeControl "3600+30"]

1. d4 Nf6 2. Nf3 e6 3. Bg5 d5 4. Nbd2 Be7 5. e3 h6 6. Bh4 c5 7. c3 Nbd7 8. Bd3 a6 9. O-O b5 10. Ne5 Nxe5 11. dxe5 Nd7 12. Bxe7 Qxe7 13. f4 O-O 14. Qh5 f5 15. exf6 Nxf6 16. Qh4 e5 17. e4 exf4 18. Rae1 c4 19. Bb1 Qa7+ 20. Kh1 dxe4 21. Nxe4 Nxe4 22. Bxe4 Bb7 23. Rxf4 Rxf4 24. Qxf4 Bxe4 25. Qxe4 Rf8 26. h3 Qf2 27. Qe2 Qg3 28. Rf1 Rxf1+ 29. Qxf1 Qd3 30. Qe1 Kh7 31. a3 a5 32. Qe5 Qb1+ 33. Kh2 Qxb2 34. Qf5+ Kg8 35. Qe6+ Kh7 36. Qf5+ Kg8 37. Qe6+ Kh7 38. Qf5+ 1/2-1/2

[Event "2nd Namma Bengaluru Open-B 2025"]
[Site "Bengaluru"]
[Date "2025.04.10"]
[Round "2.4"]
[White "Aarav Laddha"]
[Black "Anurag, Jaiswal"]
[Result "0-1"]
[Annotator "NA"]
[ECO "B01"]
[WhiteElo "1680"]
[BlackElo "1923"]
[PlyCount "78"]
[EventDate "2025.04.10"]
[EventType "swiss"]
[EventCountry "IND"]
[SourceTitle "playchess.com"]
[Source "ChessBase"]
[SourceQuality "1"]
[TimeControl "3600+30"]

1. e4 d5 2. exd5 Qxd5 3. Nc3 Qa5 4. Nf3 Nf6 5. Be2 c6 6. O-O Bf5 7. d4 e6 8. Ne5 Nbd7 9. f4 h6 10. g4 Bh7 11. g5 Nxe5 12. fxe5 Nd5 13. Bh5 Bf5 14. g6 O-O-O 15. Nxd5 Qxd5 16. c3 fxg6 17. Bf3 Be4 18. Qe2 Bxf3 19. Rxf3 c5 20. Be3 cxd4 21. cxd4 Kb8 22. Rc1 Rd7 23. Qc2 Bb4 24. Rg3 Ba5 25. Qxg6 Bb6 26. Rd1 Rf8 27. b3 Rdf7 28. Qg4 a6 29. Rg2 g5 30. Rf2 Rxf2 31. Bxf2 Ka7 32. Rd3 Rf4 33. Qg2 Qd8 34. Rf3 Bxd4 35. Rxf4 gxf4 36. Kf1 Be3 37. Qf3 Qd3+ 38. Kg2 Qd4 39. Qxf4 Qxf4 0-1

[Event "2nd Namma Bengaluru Open-B 2025"]
[Site "Bengaluru"]
[Date "2025.04.10"]
[Round "2.5"]
[White "Afreed T Khan"]
[Black "Sragvidha S"]
[Result "1-0"]
[Annotator "NA"]
[ECO "D35"]
[WhiteElo "1921"]
[BlackElo "1681"]
[PlyCount "121"]
[EventDate "2025.04.10"]
[EventType "swiss"]
[EventCountry "IND"]
[SourceTitle "playchess.com"]
[Source "ChessBase"]
[SourceQuality "1"]
[TimeControl "3600+30"]

1. d4 Nf6 2. c4 e6 3. Nc3 d5 4. cxd5 exd5 5. Bg5 Be7 6. e3 h6 7. Bh4 O-O 8. Bd3 c6 9. Nge2 Ne4 10. Bxe7 Nxc3 11. bxc3 Qxe7 12. O-O Nd7 13. c4 Nf6 14. Nf4 Rd8 15. Qb3 Be6 16. c5 Rab8 17. Qa4 a6 18. Rab1 Bc8 19. Qc2 Ra8 20. Rb2 g6 21. Rfb1 Ne8 22. Qd1 Ng7 23. Rb6 Ne6 24. Ne2 Nf8 25. Nc3 Nd7 26. R6b2 Nf8 27. a3 Nd7 28. Na4 Kg7 29. Be2 Kh7 30. Bg4 f5 31. Be2 Rf8 32. g3 Kh8 33. Bd3 Kh7 34. Qf3 Kg7 35. Qf4 Qg5 36. Qc7 Qd8 37. Qf4 Ra7 38. h4 Qe7 39. Kg2 Qd8 40. Nc3 Qe7 41. Ne2 Qd8 42. Qf3 Nf6 43. Nf4 Qe8 44. h5 g5 45. Ng6 Rf7 46. Ne5 Rf8 47. Bxf5 Nxh5 48. Bg6 Rxf3 49. Bxe8 Nf6 50. Bg6 g4 51. Bd3 Bf5 52. Rxb7+ Rxb7 53. Rxb7+ Kg8 54. Bxa6 Be4 55. Nxf3 Bxf3+ 56. Kg1 h5 57. Rc7 h4 58. gxh4 Ne4 59. Bd3 g3 60. Bxe4 dxe4 61. Rd7 1-0

[Event "2nd Namma Bengaluru Open-B 2025"]
[Site "Bengaluru"]
[Date "2025.04.10"]
[Round "2.6"]
[White "Keshav Sivaramakrishnan"]
[Black "Saranya Devi Narahari"]
[Result "0-1"]
[Annotator "NA"]
[ECO "D37"]
[WhiteElo "1680"]
[BlackElo "1888"]
[PlyCount "128"]
[EventDate "2025.04.10"]
[EventType "swiss"]
[EventCountry "IND"]
[SourceTitle "playchess.com"]
[Source "ChessBase"]
[SourceQuality "1"]
[TimeControl "3600+30"]

1. d4 Nf6 2. c4 e6 3. Nf3 d5 4. Nc3 Be7 5. Bf4 O-O 6. e3 Nbd7 7. c5 c6 8. Bd3 Nh5 9. b4 a6 10. h4 Nxf4 11. exf4 f5 12. g3 Nf6 13. O-O Ne4 14. Na4 Bd7 15. Nb6 Rb8 16. Nxd7 Qxd7 17. Ne5 Qe8 18. Kg2 Bd8 19. Bxe4 fxe4 20. f3 exf3+ 21. Qxf3 Bf6 22. Rae1 Bxe5 23. Rxe5 Rf6 24. Rfe1 Qf7 25. h5 Re8 26. Qg4 Re7 27. f5 exf5 28. Qg5 Rxe5 29. Rxe5 h6 30. Qf4 Kh7 31. a4 Qxh5 32. Re7 Rf7 33. g4 Qg6 34. Rxf7 Qxf7 35. gxf5 Qe7 36. Kf3 Qe1 37. Qc7 Qxb4 38. f6 Qc3+ 39. Kg2 Qd2+ 40. Kh1 Qe1+ 41. Kg2 Qe4+ 42. Kf1 Qf3+ 43. Kg1 Qxf6 44. Qxb7 Qxd4+ 45. Kg2 Qxa4 46. Qc8 Qe4+ 47. Kf2 d4 48. Qxa6 d3 49. Qa2 Qe2+ 50. Qxe2 dxe2 51. Kxe2 Kg6 52. Kf3 Kf5 53. Kg3 g5 54. Kf3 g4+ 55. Kg3 Kg5 56. Kg2 Kf4 57. Kf2 g3+ 58. Kg2 Kg4 59. Kg1 Kf3 60. Kf1 g2+ 61. Kg1 h5 62. Kh2 Kf2 63. Kh3 g1=Q 64. Kh4 Qg4# 0-1

[Event "2nd Namma Bengaluru Open-B 2025"]
[Site "Bengaluru"]
[Date "2025.04.10"]
[Round "2.7"]
[White "Kabnurakar Rushikesh"]
[Black "Avyukta Nayyar"]
[Result "1-0"]
[Annotator "NA"]
[ECO "C54"]
[WhiteElo "1884"]
[BlackElo "1680"]
[PlyCount "77"]
[EventDate "2025.04.10"]
[EventType "swiss"]
[EventCountry "IND"]
[SourceTitle "playchess.com"]
[Source "ChessBase"]
[SourceQuality "1"]
[TimeControl "3600+30"]

1. e4 e5 2. Nf3 Nc6 3. Bc4 Bc5 4. c3 Nf6 5. d4 exd4 6. e5 d5 7. Bb5 Ne4 8. cxd4 Bb6 9. Be3 O-O 10. Bxc6 bxc6 11. O-O Ba6 12. Re1 Rb8 13. Qc2 Qd7 14. Nbd2 Nxd2 15. Qxd2 f6 16. a4 fxe5 17. Nxe5 Qe6 18. a5 Bxd4 19. Bxd4 Qd6 20. Rac1 Rfd8 21. Nxc6 Re8 22. Nxb8 Rxb8 23. Qg5 g6 24. Qe7 Qxe7 25. Rxe7 Rb7 26. Rcxc7 Rxc7 27. Rxc7 Bc4 28. Rxa7 Bd3 29. a6 Bxa6 30. Rxa6 Kf7 31. b4 Ke7 32. b5 Kd7 33. Ra7+ Kc8 34. b6 Kb8 35. Be5+ Kc8 36. b7+ Kd7 37. b8=Q+ Ke6 38. g4 d4 39. Qd6# 1-0

[Event "2nd Namma Bengaluru Open-B 2025"]
[Site "Bengaluru"]
[Date "2025.04.10"]
[Round "2.8"]
[White "Anand Vittal T R"]
[Black "Nihaan Pohane"]
[Result "0-1"]
[Annotator "NA"]
[ECO "D02"]
[WhiteElo "1678"]
[BlackElo "1882"]
[PlyCount "128"]
[EventDate "2025.04.10"]
[EventType "swiss"]
[EventCountry "IND"]
[SourceTitle "playchess.com"]
[Source "ChessBase"]
[SourceQuality "1"]
[TimeControl "3600+30"]

1. d4 Nf6 2. Nf3 g6 3. Bf4 d5 4. Nbd2 Bg7 5. h3 O-O 6. e3 c5 7. c3 Nc6 8. Bd3 Nd7 9. Bg5 Qb6 10. Rb1 e5 11. dxc5 Nxc5 12. Bc2 d4 13. e4 dxc3 14. bxc3 Qa5 15. O-O Qxc3 16. Nb3 Nxb3 17. Bxb3 h6 18. Bd2 Qd3 19. Re1 Qd6 20. Qc1 g5 21. Be3 Qf6 22. Bd5 Re8 23. Qc4 Be6 24. Qa4 Bxd5 25. exd5 Ne7 26. Rxb7 Nxd5 27. Rxa7 Rad8 28. Bd4 Qf5 29. Ra5 Nf4 30. Nxe5 f6 31. Qb3+ Kh7 32. g4 Qc8 33. Qb1+ Kg8 34. Qb3+ Qe6 35. Nc6 Qxb3 36. Rxe8+ Rxe8 37. axb3 Re6 38. Ra8+ Kh7 39. Rc8 Ne2+ 40. Kh2 Rxc6 41. Rxc6 Nxd4 42. Rb6 Kg6 43. Kg2 Bf8 44. Rb7 Nc6 45. Kf3 Na5 46. Rb5 Nc6 47. Ke4 Kf7 48. Rb6 Ne5 49. Kf5 Be7 50. f4 Nd7 51. Rb7 Nc5 52. Rb5 Nd3 53. fxg5 hxg5 54. Rb7 Nc5 55. Rb8 Na6 56. Rh8 Kg7 57. Rc8 Kf7 58. Ra8 Nc7 59. Ra7 Nb5 60. Rd7 Nd6+ 61. Rxd6 Bxd6 62. Ke4 Ke6 63. Kd4 Ba3 64. Ke4 Bc5 0-1

[Event "2nd Namma Bengaluru Open-B 2025"]
[Site "Bengaluru"]
[Date "2025.04.10"]
[Round "2.9"]
[White "Arush A"]
[Black "Rayan Merchant"]
[Result "1-0"]
[Annotator "NA"]
[ECO "C54"]
[WhiteElo "1876"]
[BlackElo "1679"]
[PlyCount "159"]
[EventDate "2025.04.10"]
[EventType "swiss"]
[EventCountry "IND"]
[SourceTitle "playchess.com"]
[Source "ChessBase"]
[SourceQuality "1"]
[TimeControl "3600+30"]

1. e4 e5 2. Nf3 Nc6 3. Bc4 Bc5 4. c3 Nf6 5. d3 d6 6. O-O a6 7. Bb3 Ba7 8. Nbd2 O-O 9. Re1 h6 10. Nf1 Nh5 11. Be3 Qf6 12. Bxa7 Rxa7 13. Ne3 Nf4 14. g3 Nh3+ 15. Kg2 Ne7 16. Qd2 c6 17. Ng1 Ng6 18. Nxh3 Bxh3+ 19. Kxh3 Qf3 20. Ng2 Qh5+ 21. Nh4 Nxh4 22. g4 Qg5 23. Qxg5 hxg5 24. Rad1 Ng6 25. d4 Nf4+ 26. Kg3 b5 27. dxe5 dxe5 28. Rd6 Rc7 29. Red1 a5 30. a3 c5 31. Bd5 c4 32. Ra6 b4 33. axb4 axb4 34. Kf3 Nd3 35. Rd2 Rb8 36. Ra4 bxc3 37. bxc3 Nf4 38. Rc2 Rb5 39. Rb4 Ra5 40. Rb8+ Kh7 41. Re8 Nxd5 42. exd5 Rxd5 43. Ke4 Rcc5 44. Re7 f6 45. Rb2 Rb5 46. Rxb5 Rxb5 47. Rc7 Rb1 48. Rxc4 Rh1 49. Rc7 Rxh2 50. f3 Re2+ 51. Kd3 Rf2 52. Ke3 Rc2 53. c4 Kg8 54. Ke4 Kf8 55. c5 Rd2 56. Kf5 Ke8 57. Rxg7 Rd3 58. Kxf6 Rxf3+ 59. Kxe5 Rc3 60. Kd6 Rd3+ 61. Kc6 Kf8 62. Rxg5 Kf7 63. Rd5 Rg3 64. Kd7 Rxg4 65. c6 Rg7 66. c7 Kf6+ 67. Kc6 Rg8 68. Rd8 Rg1 69. c8=Q Rc1+ 70. Kd5 Rxc8 71. Rxc8 Ke7 72. Rc6 Kd7 73. Re6 Kc7 74. Rd6 Kb7 75. Rc6 Ka8 76. Rb6 Ka7 77. Kc6 Ka8 78. Kc7 Ka7 79. Rh6 Ka8 80. Ra6# 1-0

[Event "2nd Namma Bengaluru Open-B 2025"]
[Site "Bengaluru"]
[Date "2025.04.10"]
[Round "2.10"]
[White "Sasi Hasini Chintala"]
[Black "Samanth Nataraj Naidu"]
[Result "1-0"]
[Annotator "NA"]
[ECO "B40"]
[WhiteElo "1678"]
[BlackElo "1867"]
[PlyCount "169"]
[EventDate "2025.04.10"]
[EventType "swiss"]
[EventCountry "IND"]
[SourceTitle "playchess.com"]
[Source "ChessBase"]
[SourceQuality "1"]
[TimeControl "3600+30"]

1. e4 c5 2. Nf3 e6 3. b3 a6 4. Bb2 b5 5. d4 cxd4 6. Nxd4 Bb7 7. Bd3 Qc7 8. O-O Nf6 9. Nd2 Nc6 10. N4f3 Bd6 11. Re1 Ne5 12. Nxe5 Bxe5 13. Bxe5 Qxe5 14. c4 O-O 15. Nf3 Qc5 16. Rc1 b4 17. e5 Ng4 18. Bxh7+ Kh8 19. Nd4 Nxe5 20. Be4 Bxe4 21. Rxe4 Ng6 22. h4 Rfd8 23. Nf3 Kg8 24. Rd4 Qe7 25. h5 Nf8 26. Rc2 Rac8 27. Rd6 a5 28. Qd4 Rc6 29. Rd2 Rxd6 30. Qxd6 Qxd6 31. Rxd6 Ra8 32. Ne5 Ra7 33. Nd3 f6 34. f4 Kf7 35. Kf2 Ke7 36. c5 Kd8 37. g4 Kc7 38. g5 fxg5 39. fxg5 Nh7 40. Ne5 Kc8 41. h6 Nxg5 42. hxg7 Ne4+ 43. Kf3 Nf6 44. Ng4 Ng8 45. Kf4 Rc7 46. Ra6 Kb7 47. Rxa5 Rc8 48. Rb5+ Kc6 49. Rxb4 Ra8 50. a4 Kxc5 51. Rc4+ Kd6 52. Ne5 Ke7 53. Rc7 Nf6 54. Rb7 Rg8 55. a5 Rxg7 56. a6 Rg1 57. b4 Rf1+ 58. Ke3 Kd6 59. Nc4+ Ke7 60. a7 Nd5+ 61. Ke2 Ra1 62. Na5 Ra2+ 63. Ke1 Ra1+ 64. Kd2 Ra2+ 65. Kc1 Nc3 66. a8=Q Ne2+ 67. Kd1 Nc3+ 68. Ke1 Ra1+ 69. Kd2 Ne4+ 70. Kd3 Nf2+ 71. Ke2 Ra2+ 72. Kf3 Ra3+ 73. Kxf2 Ra2+ 74. Ke3 Ra3+ 75. Kd4 e5+ 76. Kxe5 Re3+ 77. Kd4 Re5 78. Nc6+ Kd6 79. Nxe5 Ke6 80. Qe8+ Kf6 81. Nxd7+ Kg7 82. Qf8+ Kg6 83. Ne5+ Kh5 84. Qg8 Kh4 85. Rh7# 1-0